 Dungeon Crawl Stone Soup version 0.24.0-3-g28a8eb0610 (console) character file.

Game seed: 10515081122440751537, levelgen mode: deterministic

6153 AlterAsc the Thaumaturge (level 10, -4/68 (69) HPs)
             Began as a Purple Draconian Fire Elementalist on Nov 1, 2019.
             Was a Believer of Kikubaaqudgha.
             Slain by a troll (9 damage)
             ... on level 10 of the Dungeon.
             The game lasted 00:44:23 (9374 turns).

AlterAsc the Thaumaturge (DrFE)                     Turns: 9374, Time: 00:44:24

HP:   -4/68 (69)    AC:  7    Str: 14    XL:     10   Next: 59%
MP:   12/23         EV: 10    Int: 18    God:    Kikubaaqudgha [**....]
Gold: 422           SH: 13    Dex: 13    Spells: 15/28 levels left

rFire    . . .     SeeInvis .   K - staff of conjuration
rCold    . . .     Gourm    .   O - +0 shield "Hydamnaf" {MR+ rCorr Str+2} (curse)
rNeg     . . .     Faith    .   (armour unavailable)
rPois    .         Spirit   .   (helmet restricted)
rElec    .         Reflect  +   (no cloak)
rCorr    +         Harm     .   (no gloves)
MR       ++...                  (no boots)
Stlth    +++.......             D - +4 amulet of reflection
HPRegen  0.21/turn              M - +2 ring of dexterity
MPRegen  0.18/turn              x - ring of Sawno {Wiz Stlth+}

@: very slightly contaminated, slowed, very slow
A: breathe power, unfitting armour, cold-blooded, AC +7
a: Breathe Dispelling Energy, Receive Corpses, Renounce Religion


You were on level 10 of the Dungeon.
You worshipped Kikubaaqudgha.
Kikubaaqudgha was pleased with you.
You were not hungry.

You visited 2 branches of the dungeon, and saw 11 of its levels.

You collected 641 gold pieces.
You spent 219 gold pieces at shops.

Inventory:

Hand Weapons
 a - a +2 short sword of protection
 b - the +12 lajatang of Hicwuzest {venom, rF- Str+3 Int+2 Dex+4}
   (You found it on level 5 of the Dungeon)

   It poisons the flesh of those it strikes.
   It affects your strength (+3).
   It affects your intelligence (+2).
   It affects your dexterity (+4).
   It makes you vulnerable to fire.
 r - a -3 spear
Missiles
 d - 82 sling bullets
Armour
 s - a +2 buckler
 L - a +2 robe of the Archmagi
 O - the cursed +0 shield "Hydamnaf" (worn) {MR+ rCorr Str+2}
   (You found it on level 10 of the Dungeon)

   It affects your strength (+2).
   It affects your resistance to hostile enchantments.
   It provides partial protection from all sources of acid and corrosion.
   It has a curse placed upon it.
Magical Staves
 K - an uncursed staff of conjuration (weapon)
Jewellery
 k - a +1 ring of evasion
 x - the ring of Sawno (right hand) {Wiz Stlth+}
   (You found it on level 4 of the Dungeon)

   [ring of wizardry]

   It improves your spell success rate.
   It makes you more stealthy.
 D - a +4 amulet of reflection (around neck)
 M - a +2 ring of dexterity (left hand)
Wands
 m - a wand of scattershot (3)
 v - a wand of paralysis (5)
 z - a wand of acid (23)
Scrolls
 c - 3 scrolls of immolation
 h - 3 scrolls of remove curse
 j - 2 scrolls of identify
 n - 3 scrolls of enchant armour
 p - a scroll of fog {unknown}
 A - 3 scrolls of random uselessness
 B - a scroll of magic mapping {unknown}
 E - 2 scrolls of enchant weapon {unknown}
 F - 5 scrolls of teleportation
 J - a scroll of torment {unknown}
Potions
 e - 4 potions of flight
 f - 2 potions of degeneration
 g - a potion of heal wounds
 i - 3 potions of cancellation
 l - 5 potions of lignification
 o - a potion of invisibility {unknown}
 q - a potion of ambrosia {unknown}
 t - a potion of magic {unknown}
 u - 5 potions of curing
 w - a potion of mutation {unknown}
 C - 3 potions of agility {unknown}
 G - a potion of haste {unknown}
 H - 2 potions of might {unknown}
 N - a potion of brilliance {unknown}
Comestibles
 y - 21 rations


   Skills:
 - Level 2.0 Dodging
 - Level 1.7 Stealth
 + Level 5.5 Shields
 * Level 9.8 Spellcasting
 + Level 7.1 Conjurations
 + Level 4.8 Necromancy
 * Level 9.2 Fire Magic


You had 15 spell levels left.
You knew the following spells:

 Your Spells              Type           Power        Failure   Level  Hunger
a - Flame Tongue          Conj/Fire      #####        1%          1    None
b - Conjure Flame         Conj/Fire      ######..     1%          3    None
c - Sticky Flame          Conj/Fire      ######..     4%          4    ###....
d - Fireball              Conj/Fire      ######....   11%         5    #####..

Your spell library contained the following spells:

 Spells                   Type           Power        Failure   Level  Hunger
 Animate Skeleton         Necr           N/A          1%          1    None
 Pain                     Necr           ####         1%          1    None
 Throw Flame              Conj/Fire      ######       1%          2    None
 Corpse Rot               Necr           N/A          2%          2    None
 Sublimation of Blood     Necr           ####......   2%          2    None
 Inner Flame              Hex/Fire       ####....     4%          3    None
 Vampiric Draining        Necr           ####......   4%          3    None
 Dazzling Spray           Conj/Hex       ####..       8%          3    None
 Confusing Touch          Hex            #.....       12%         1    None
 Corona                   Hex            #......      12%         1    None
 Summon Small Mammal      Summ           #...         12%         1    None
 Regeneration             Chrm/Necr      ###.......   12%         3    None
 Call Imp                 Summ           #.......     16%         2    None
 Ensorcelled Hibernation  Hex/Ice        #.....       16%         2    None
 Animate Dead             Necr           N/A          16%         4    ###....
 Call Canine Familiar     Summ           #.......     32%         3    None
 Confuse                  Hex            #.......     32%         3    None
 Gell's Gravitas          Tloc           #.........   32%         3    None
 Summon Guardian Golem    Hex/Summ       #.......     32%         3    None
 Tukima's Dance           Hex            #.......     32%         3    None
 Cause Fear               Hex            #.........   69%         4    ###....
 Petrify                  Tmut/Erth      #.......     69%         4    ###....
 Summon Ice Beast         Ice/Summ       #.......     69%         4    ###....
 Summon Lightning Spire   Summ/Air       #.......     69%         4    ###....
 Metabolic Englaciation   Hex/Ice        #.........   95%         5    #####..
 Silence                  Hex/Air        #.........   95%         5    #####..
 Yara's Violent Unravell  Hex/Tmut       #.........   95%         5    #####..
 Deflect Missiles         Chrm/Air       #.........   100%        6    ######.
 Discord                  Hex            #.........   100%        8    #######


Dungeon Overview and Level Annotations

Branches:
Dungeon (10/15)            Temple (1/1) D:4
   Lair: D:8-11         Orc: D:9-12

Altars:
Ashenzari
Cheibriados
Dithmenos
Elyvilon
Fedhas
Gozag
Hepliaklqana
Kikubaaqudgha
Makhleb
Nemelex Xobeh
Okawaru
Qazlal
Ru
Sif Muna
Trog
Uskayaw
Vehumet
Wu Jian
Xom
Yredelemnul
Zin
The Shining One
Jiyva

Shops:
D:5 *   D:7 !   D:9 :%?!*   D:10 *

Annotations:
D:10 Josephine


Innate Abilities, Weirdness & Mutations

You can breathe bolts of dispelling energy.
Your rich purple scales are hard. (AC +7)
You cannot fit into any form of body armour.
You are cold-blooded and may be slowed by cold attacks.


Message History

Confirm with . or Enter, or press ? or * to list all spells.
Aiming: Sticky Flame (safe; 4% risk of failure)
Press: ? - help, Shift-Dir - straight line, f/p - Josephine
Aim: Josephine, wielding a +1 dagger of venom and wearing a +0 robe You feel a surge of power!
The sticky flame hits Josephine!
Josephine is lightly wounded.
Josephine is covered in liquid flames!
Josephine burns! x2
The wraith hits you. The wraith drains your vigour!
You feel as though you will be slow longer.
The troll bites you. The troll claws you! x2
* * * LOW HITPOINT WARNING * * *
You block Josephine's attack. The wraith hits you.
* * * LOW HITPOINT WARNING * * *
The troll bites you!
* * * LOW HITPOINT WARNING * * *
The troll claws you.
* * * LOW HITPOINT WARNING * * *
The troll claws you!
You die...
Kikubaaqudgha rasps: "You have failed me!
Welcome... death!"

## ..# ###..##
..##..# ##..##
....#..## ##..### ##
........## ##...###.
.........# #....##.
......)..## ##......
..........### #......
......WW....##
#......
....W.@@.(...#
#....##
......T......##
#...###
..............# #...#
# ..............##
#...# #
...............#
#..## #
...............####.#
# ................#
#.#
................###.#
.$............##.# #


You could see Josephine (burning), a troll and 3 wraiths.

Vanquished Creatures
  2 two-headed ogres
  A cyclops (D:10)
  2 trolls
  A hornet (D:9)
  A hungry ghost (D:10)
  A water moccasin (D:8)
  2 black bears
  2 orc warriors
  3 sky beasts
  An ice beast (D:7)
  A necrophage (D:8)
  2 ogres
  5 centaurs
  3 bullfrogs
  A water moccasin zombie (D:9)
  2 scorpions
  5 killer bees
  4 wights (D:6)
  A howler monkey (D:8)
  4 crimson imps
  7 hounds
  6 jellies
  A centaur skeleton (D:9)
  5 orc priests
  7 orc wizards
  A bullfrog skeleton (D:9)
  2 iguanas (D:10)
  5 worker ants
  2 worker ant zombies (D:6)
  2 howler monkey skeletons
  9 adders
  4 gnolls
  6 oozes
  2 adder zombies (D:6)
  An adder skeleton (D:9)
  A worm (D:2)
  3 dart slugs
  3 leopard geckos
  23 orcs
  2 ball pythons (D:3)
  9 giant cockroaches
  8 goblins
  10 hobgoblins
  6 jackals
  4 quokkas
  2 ball python skeletons
  7 bats
  5 frilled lizards
  A giant cockroach zombie (D:5)
  A jackal skeleton (D:7)
  6 kobolds
  A leopard gecko skeleton (D:6)
  A leopard gecko zombie (D:5)
  A quokka skeleton (D:6)
  2 quokka zombies
  8 rats
208 creatures vanquished.

Vanquished Creatures (others)
  A centaur (D:7)
1 creature vanquished.

Grand Total: 209 creatures vanquished

Notes
Turn   | Place    | Note
-------+----------+-------------------------------------------
     0 | D:1      | AlterAsc the Draconian Fire Elementalist began the quest
                  | for the Orb.
     0 | D:1      | Reached XP level 1. HP: 14/14 MP: 3/3
   122 | D:1      | Reached XP level 2. HP: 12/20 MP: 0/5
   354 | D:1      | Reached XP level 3. HP: 21/26 MP: 0/6
   860 | D:2      | Reached XP level 4. HP: 33/33 MP: 2/8
  1574 | D:3      | Reached XP level 5. HP: 35/38 MP: 2/9
  2012 | D:4      | Learned a level 3 spell: Conjure Flame
  2592 | D:4      | Got a translucent glass ring
  2593 | D:4      | Identified the ring of Sawno {Wiz Stlth+} (You found it on
                  | level 4 of the Dungeon)
  2599 | D:4      | Learned a level 4 spell: Sticky Flame
  2652 | D:4      | Found a staircase to the Ecumenical Temple.
  2901 | Temple   | Entered the Ecumenical Temple
  3193 | D:5      | Entered Level 5 of the Dungeon
  3255 | D:5      | Reached XP level 6. HP: 37/45 MP: 11/11
  3350 | D:5      | Noticed a sky beast
  3363 | D:5      | Killed a sky beast
  3363 | D:5      | Reached skill level 1 in Shields
  3444 | D:5      | Reached skill level 5 in Fire Magic
  3509 | D:5      | Found Viarghoaw's General Store.
  3520 | D:5      | Got an ivory lajatang
  3526 | D:5      | Identified the +12 lajatang of Hicwuzest {venom, rF- Str+3
                  | Int+2 Dex+4} (You found it on level 5 of the Dungeon)
  3549 | D:5      | Your scales start taking on a rich purple colour.
  3549 | D:5      | Reached skill level 5 in Spellcasting
  3549 | D:5      | Reached XP level 7. HP: 45/50 MP: 14/14
  3782 | D:5      | Found an ancient bone altar of Kikubaaqudgha.
  3782 | D:5      | Found a sacrificial altar of Ru.
  3790 | D:5      | Became a worshipper of Kikubaaqudgha
  4895 | D:6      | Reached skill level 5 in Conjurations
  4895 | D:6      | Reached XP level 8. HP: 42/57 MP: 11/17
  5432 | D:6      | Reached skill level 1 in Necromancy
  6248 | D:6      | Learned a level 5 spell: Fireball
  6403 | D:7      | Reached * piety under Kikubaaqudgha
  6403 | D:7      | Identified Kikubaaqudgha's Almanac of Darkness
                  | (Kikubaaqudgha gifted it to you on level 7 of the Dungeon)
  6403 | D:7      | Received a gift from Kikubaaqudgha
  6578 | D:7      | Found Kilim's Distillery.
  6651 | D:7      | Reached XP level 9. HP: 62/62 MP: 8/20
  7323 | D:8      | Noticed a two-headed ogre
  7333 | D:8      | Killed a two-headed ogre
  7749 | D:9      | Found Nanaevosm's Distillery.
  7758 | D:9      | Bought a potion of curing for 36 gold pieces
  7758 | D:9      | Bought a potion of curing for 36 gold pieces
  7765 | D:9      | Paralysed by a hornet for 1 turns
  7772 | D:9      | Paralysed by a hornet for 1 turns
  7773 | D:9      | Reached XP level 10. HP: 45/68 MP: 9/22
  7898 | D:9      | Found Uqiko's Magic Scroll Boutique.
  7904 | D:9      | Bought a scroll of enchant armour for 105 gold pieces
  7904 | D:9      | Bought a scroll of teleportation for 42 gold pieces
  7963 | D:9      | Found Zynour's Food Shop.
  8006 | D:9      | Reached ** piety under Kikubaaqudgha
  8119 | D:9      | Found Weukhuqe's Book Shoppe.
  8123 | D:9      | Noticed a two-headed ogre
  8143 | D:9      | Killed a two-headed ogre
  8143 | D:9      | Reached skill level 5 in Shields
  8249 | D:9      | Found Isecepomm's Assorted Antiques.
  8341 | D:10     | Entered Level 10 of the Dungeon
  8341 | D:10     | Noticed a cyclops
  8498 | D:10     | Found Gihim's Assorted Antiques.
  8622 | D:10     | Got a pitted shield
  8645 | D:10     | Identified the cursed +0 shield "Hydamnaf" {MR+ rCorr
                  | Str+2} (You found it on level 10 of the Dungeon)
  8767 | D:10     | Killed a cyclops
  9090 | D:10     | Found a viscous altar of Jiyva.
  9367 | D:10     | Noticed Josephine
  9374 | D:10     | Slain by a troll

Levels and vault maps discovered:
D:1:      lightli_arrival_statue_moat, layout_rooms
D:2:      layout_rooms
D:3:      layout_basic, cheibrodos_gnoll_hut
D:4:      layout_basic, minmay_temple_entry_wispy
D:5:      layout_gridville, gammafunk_temple_overflow_wave,
          serial_co_window_serial, co_window_cross_1, co_window_paths_b,
          co_window_of_opportunity_a, co_window_corner_a,
          co_window_of_opportunity_a, co_window_broadway_a,
          co_window_unsneaky_path_e, co_window_broadway_b,
          co_window_of_opportunity_b, co_window_broadway_b, co_window_paths_c,
          co_window_paths_c, glass_columns_c, glass_columns_b, first_ration,
          serial_shops, shop
D:6:      layout_loops_cross
D:7:      layout_cave_pools, serial_shops, nicolae_shop_statue_plus,
          kennysheep_flooded_box, minmay_misc_feat_diagonals
D:8:      layout_rooms
D:9:      layout_basic, serial_shops, shop_statue, nicolae_shop_behind_doors,
          nicolae_shop_waterfront, nicolae_shop_crystal, shop,
          minmay_misc_feat_more_columns
D:10:     layout_layer_cave, serial_shops, shop_statue,
          hangedman_little_slice_of_home, uniq_josephine
Temple:   regret_index_temple_chain_breaker

Skill      XL: |  1  2  3  4  5  6  7  8  9 10 |
---------------+-------------------------------+-----
Dodging        | 2 |  2.0
Conjurations   | 2 3 4 5 6 7 |  7.1
Spellcasting   | 3 5 6 7 8 9 |  9.8
Fire Magic     | 4 5 7 8 9 |  9.2
Shields        | 1 2 3 4 5 |  5.5
Necromancy     | 2 3 4 |  4.8
Stealth        | |  1.7

Action                   |  1- 3 |  4- 6 |  7- 9 | 10-12 || total
-------------------------+-------+-------+-------+-------++-------
Melee: Short sword       |    61 |    41 |    67 |       ||   169
       Unarmed           |     4 |       |       |       ||     4
       Tailslap          |     6 |     4 |    16 |       ||    26
       Lajatang          |       |     3 |    43 |       ||    46
       Staff             |       |       |     8 |     9 ||    17
 Cast: Flame Tongue      |    57 |    69 |     8 |     2 ||   136
       Sticky Flame      |       |     1 |    61 |    29 ||    91
       Conjure Flame     |       |       |     5 |     1 ||     6
       Fireball          |       |       |     4 |     9 ||    13
  Use: Scroll            |       |     2 |     8 |       ||    10
 Stab: Distracted        |       |     1 |       |       ||     1
       Sleeping          |       |     1 |     8 |       ||     9
  Eat: Chunk             |     1 |     8 |    15 |    10 ||    34
       Ration            |       |       |     2 |       ||     2
Armor: Skin              |    36 |    23 |    51 |    11 ||   121
Dodge: Dodged            |    82 |    50 |   121 |    13 ||   266
Block: Buckler           |       |     6 |    78 |    11 ||    95
       Reflection        |       |       |     5 |       ||     5
       Shield            |       |       |       |    23 ||    23
